 Dungeon Crawl Stone Soup version 0.30.0-5-g1a98f26d00 (webtiles) character file.

Game seed: 7315591016400551513

4769 fozzywoppz the Basher (level 10, -24/64 HPs)
             Began as a Gargoyle Fighter on May 10, 2023.
             Was a Priest of Okawaru.
             Annihilated by a two-headed ogre
             ... wielding a +0 giant club
              (28 damage)
             ... on level 8 of the Dungeon.
             The game lasted 00:18:17 (7377 turns).

fozzywoppz the Basher (Gargoyle Fighter)            Turns: 7377, Time: 00:18:17

Health: -24/64     AC: 19    Str: 22    XL:     10   Next: 47%
Magic:  15/15      EV:  8    Int:  9    God:    Okawaru [***...]
Gold:   427        SH:  4    Dex: 11    Spells: 9/9 levels left

rFire   . . .        u - +2 morningstar
rCold   . . .        c - +0 buckler
rNeg    + . .        C - +0 chain mail
rPois   ∞            (no helmet)
rElec   +            e - +1 cloak
rCorr   .            (no gloves)
SInv    .            q - +0 pair of boots
Will    +....        (no amulet) Stlth
                     g - ring of willpower
HPRegen 0.30/turn    (no ring)
MPRegen 0.14/turn

%: no passive effects
@: no status effects
A: sickness immunity, AC +7, negative energy resistance 1, electricity
resistance, torment resistance 1, petrification resistance
a: Renounce Religion, Heroism


You were on level 8 of the Dungeon.
You worshipped Okawaru.
Okawaru was most pleased with you.
You visited 2 branches of the dungeon, and saw 9 of its levels.
You also visited: Sewer and Ossuary.

You collected 427 gold pieces.

Inventory:

Hand Weapons
 u - a +2 morningstar (weapon)
Missiles
 v - 2 boomerangs (quivered)
 y - a throwing net
Armour
 c - a +0 buckler (worn)
 e - a +1 cloak (worn)
 q - a +0 pair of boots (worn)
 C - a +0 chain mail (worn)
Jewellery
 g - a ring of willpower (left hand)
Wands
 i - a wand of roots (6)
Scrolls
 b - 3 scrolls of teleportation
 d - 2 scrolls of poison {unknown}
 k - 3 scrolls of enchant armour {unknown}
 o - 3 scrolls of immolation {unknown}
 s - a scroll of magic mapping
 w - 2 scrolls of noise {unknown}
 x - 2 scrolls of fear {unknown}
 B - a scroll of amnesia {unknown}
 D - a scroll of enchant weapon
 E - a scroll of torment {unknown}
 F - a scroll of identify
Potions
 a - 5 potions of lignification
 f - a potion of heal wounds
 h - a potion of resistance {unknown}
 j - 2 potions of curing
 l - 2 potions of brilliance
 m - 5 potions of magic
 n - 3 potions of mutation
 p - a potion of berserk rage {unknown}
 r - a potion of might
 t - 4 potions of flight
 z - a potion of attraction {unknown}
 A - 2 potions of haste {unknown}


   Skills:
 - Level 8.0 Fighting
 + Level 12.0 Maces & Flails
 - Level 3.2 Armour
 + Level 3.6 Shields
 - Level 7.0 Invocations


You had 9 spell levels left.
You didn't know any spells.
Your spell library contained the following spells:

 Spells                   Type           Power      Damage    Failure   Level
 Sandblast                Erth           0%         2d4       97%         1
 Passwall                 Tmut/Erth      0%         N/A       99%         2
 Stone Arrow              Conj/Erth      0%         3d7       100%        3
 Anguish                  Hex/Necr       0%         N/A       100%        4
 Cause Fear               Hex            0%         N/A       100%        4
 Enfeeble                 Hex            0%         N/A       100%        7


Dungeon Overview and Level Annotations

Branches:
Dungeon (8/15)             Temple (1/1) D:5           Sewer (visited)
Ossuary (visited)
   Lair: D:8-11

Altars:
Ashenzari
Dithmenos
Gozag
Hepliaklqana
Makhleb
Nemelex Xobeh
Okawaru
Trog
Uskayaw
Wu Jian
Yredelemnul
Zin

Annotations:
D:5 3 runed translucent doors, Inken's ghost, novice GnFi


Innate Abilities, Weirdness & Mutations

You are immune to sickness and miasma.
Your stone body is resilient. (AC +7)
You are immune to poison.
You resist negative energy. (rN+)
You are resistant to electric shocks. (rElec)
You are resistant to unholy torment.
You are immune to petrification.


Message History

The two-headed ogre hits you with a +0 giant club!
You barely miss the two-headed ogre. You puncture the two-headed ogre!
The two-headed ogre is moderately wounded.
The two-headed ogre closely misses you.
The two-headed ogre hits you with a +0 giant club.
You sock the two-headed ogre!
The two-headed ogre is heavily wounded.
You hit the two-headed ogre.
The two-headed ogre is heavily wounded.
The two-headed ogre hits you with a +0 giant club.
The two-headed ogre hits you but does no damage.
You hit the two-headed ogre.
The two-headed ogre is heavily wounded.
You block the two-headed ogre's attack.
The two-headed ogre hits you but does no damage.
You barely miss the two-headed ogre.
The two-headed ogre is heavily wounded.
You sock the two-headed ogre!
The two-headed ogre is severely wounded.
The two-headed ogre hits you with a +0 giant club!!
The two-headed ogre hits you with a +0 giant club.
Unknown command.
You hit the two-headed ogre but do no damage.
The two-headed ogre is severely wounded.
The two-headed ogre hits you with a +0 giant club!!
* * * LOW HITPOINT WARNING * * *
You block the two-headed ogre's attack.
Unknown command.
Okay, then.
Aiming: Fastroot
Press: ? - help, Shift-Dir - straight line, f - two-headed ogre
Aim: a two-headed ogre, wielding two +0 giant clubs (severely wounded)
The roots erupt in riotous growth!
Roots grab the two-headed ogre.
The grasping roots constrict the two-headed ogre.
The two-headed ogre escapes!
The two-headed ogre attacks as you move away!
The two-headed ogre hits you with a +0 giant club!!
You die...

......##......# #.
...##.....##...# ..
## #####....#.# ##.
#..#...# ...
#..#..<.
#.###########..#.##.
#...#............###
#..†#########..# #
#@.†## #..# # #.O..#
#..# #....# #..#
#...[.# #..#
##.##..# #..# #.#
#.# #... #.# .# #.#
# #.#


You could see a two-headed ogre.

Vanquished Creatures
  Pikel (D:7)
  An unseen horror (D:5)
  Sigmund (D:2)
  A steam dragon (D:7)
  Menkaure (D:7)
  A water moccasin (D:8)
  An orc warrior (D:7)
  A sky beast (D:5)
  A black bear (D:7)
  4 ogres
  A centaur (D:6)
  3 phantoms
  A kobold brigand (D:6)
  5 bullfrogs
  An elf zombie (Ossuary)
  2 scorpions
  19 killer bees (D:7)
  2 howler monkeys (D:8)
  A centaur zombie (Ossuary)
  3 human zombies (Ossuary)
  5 hounds
  3 orc priests
  2 jellies
  3 sleepcaps
  Jessica (D:2)
  5 iguanas
  An orc wizard (D:6)
  3 mummies
  7 gnolls (D:4)
  22 adders
  3 river rats (Sewer)
  A shadow imp (D:5)
  An ufetubus (D:6)
  An adder zombie (Ossuary)
  A worm (D:3)
  A dart slug (D:3)
  18 orcs
  14 ball pythons
  12 endoplasms
  8 giant cockroaches
  6 goblins
  15 hobgoblins
  8 jackals
  7 quokkas
  8 bats
  6 frilled lizards
  A goblin zombie (Ossuary)
  7 hobgoblin zombies (Ossuary)
  2 jackal zombies (Ossuary)
  13 kobolds
  8 kobold zombies (Ossuary)
  11 orc zombies (Ossuary)
  35 rats
  2 rat zombies (Ossuary)
292 creatures vanquished.

Vanquished Creatures (others)
  2 orcs (D:7)
2 creatures vanquished.

Grand Total: 294 creatures vanquished

Notes
Turn   | Place    | Note
-------+----------+-------------------------------------------
     0 | D:1      | fozzywoppz the Gargoyle Fighter began the quest for the
                  | Orb.
     0 | D:1      | Reached XP level 1. HP: 14/14 MP: 1/1
    92 | D:1      | Reached XP level 2. HP: 19/19 MP: 2/2
   303 | D:1      | Reached XP level 3. HP: 24/24 MP: 3/3
   826 | D:1      | Reached skill level 3 in Maces & Flails
   975 | D:2      | Reached XP level 4. HP: 28/30 MP: 4/4
  1032 | D:2      | Noticed Jessica
  1041 | D:2      | Killed Jessica
  1618 | D:2      | Noticed Sigmund
  1625 | D:2      | Killed Sigmund
  1626 | D:2      | Reached skill level 5 in Fighting
  1626 | D:2      | Reached skill level 4 in Maces & Flails
  1626 | D:2      | Reached XP level 5. HP: 29/36 MP: 5/5
  1626 | D:2      | Reached XP level 6. HP: 34/41 MP: 6/6
  2052 | D:3      | Noticed a +0 falchion
  2053 | D:3      | Noticed a +0 dagger
  2053 | D:3      | Noticed a +0 spear
  2054 | D:3      | Noticed a +0 short sword
  2055 | D:3      | Noticed a +0 falchion
  2056 | D:3      | Noticed a +0 short sword
  2056 | D:3      | Noticed a +0 dagger
  2056 | D:3      | Noticed a +0 spear
  2059 | D:3      | Found a hide-covered altar of Uskayaw.
  2106 | D:3      | Reached skill level 5 in Maces & Flails
  2356 | D:3      | Reached XP level 7. HP: 39/47 MP: 7/7
  2969 | D:4      | Reached skill level 6 in Maces & Flails
  3482 | D:5      | Entered Level 5 of the Dungeon
  3489 | D:5      | Found a runed translucent gate.
  3489 | D:5      | Found a runed translucent gate.
  3489 | D:5      | Found an opulent altar of Gozag.
  3490 | D:5      | Found a runed translucent gate.
  3490 | D:5      | Noticed a shadow
  3491 | D:5      | Noticed Inken's ghost (novice GnFi)
  3527 | D:5      | Found a staircase to the Ecumenical Temple.
  3530 | D:5      | Reached XP level 8. HP: 32/53 MP: 8/8
  3539 | Temple   | Entered the Ecumenical Temple
  3555 | Temple   | Became a worshipper of Warmaster Okawaru
  3629 | D:5      | Found a sand-covered staircase.
  3643 | Ossuary  | Entered an ossuary
  3786 | Ossuary  | Reached skill level 1 in Invocations
  4079 | D:5      | Reached skill level 7 in Maces & Flails
  4079 | D:5      | Found a glowing drain.
  4088 | Sewer    | Entered a sewer
  4379 | Sewer    | Reached * piety under Okawaru
  4908 | D:5      | Reached skill level 8 in Maces & Flails
  4908 | D:5      | Reached XP level 9. HP: 59/59 MP: 12/12
  4943 | D:5      | Killed an unseen horror
  4944 | D:5      | Reached skill level 5 in Invocations
  5511 | D:6      | Reached ** piety under Okawaru
  5575 | D:6      | Reached skill level 9 in Maces & Flails
  6215 | D:7      | Noticed Pikel
  6236 | D:7      | Reached skill level 10 in Maces & Flails
  6312 | D:7      | Killed Pikel
  6313 | D:7      | Reached XP level 10. HP: 50/64 MP: 15/15
  6337 | D:7      | Reached *** piety under Okawaru
  6338 | D:7      | Reached skill level 11 in Maces & Flails
  6860 | D:7      | Noticed Menkaure
  6893 | D:7      | Killed Menkaure
  7361 | D:8      | Noticed a two-headed ogre
  7364 | D:8      | Reached skill level 12 in Maces & Flails
  7373 | D:8      | HP: 3/64 [two-headed ogre/+0 giant club (24)]
  7377 | D:8      | Annihilated by a two-headed ogre

Illustrated notes

Levels and vault maps discovered:
D:1:      lightli_arrival_maybe_door_vault, layout_basic,
          dreamdust_mushroom_princess, interstate_on_off
D:2:      layout_basic, uniq_jessica, uniq_sigmund
D:3:      layout_loops_ring, nicolae_uskayaw_en_pointe,
          chequers_serial_rivers_micro_c, minmay_misc_feat_tiny,
          hangedman_abyss_or_decor_stabs
D:4:      layout_rooms, hangedman_minor_gate_pass
D:5:      minmay_chambers_of_fours, layout_rooms, minmay_temple_entry_ruins,
          gup_ossuary_entry_pyramid, ebering_ghost_gozag, portal_sewer_entry_d,
          chequers_arboretum
D:6:      layout_loops_cross, grunt_decor_clamped
D:7:      layout_basic, uniq_pikel, uniq_menkaure
D:8:      layout_rooms, gammafunk_ghost_necromancy, uniq_joseph, uniq_erica,
          uniq_maggie, uniq_gastronok
Temple:   nicolae_temple_bog_church

Skill      XL: |  1  2  3  4  5  6  7  8  9 10 |
---------------+-------------------------------+-----
Fighting       | 4 5 6 7 8 |  8.0
Maces & Flails | 3 4 5 6 8 10 12 | 12.0
Invocations    | 4 7 |  7.0
Armour         | |  3.2
Shields        | |  3.6

Action                     |  1- 3 |  4- 6 |  7- 9 | 10-12 || total
---------------------------+-------+-------+-------+-------++-------
  Melee: Flail             |   121 |   141 |     3 |       ||   265
         Morningstar       |       |       |   638 |   126 ||   764
  Evoke: Wand              |       |       |     1 |     1 ||     2
    Use: Scroll            |       |       |    16 |       ||    16
         Potion            |       |       |     5 |       ||     5
 Armour: Scale mail        |    79 |    62 |   433 |       ||   574
         Skin              |       |       |   102 |       ||   102
         Chain mail        |       |       |    53 |   100 ||   153
  Dodge: Dodged            |    66 |    53 |   401 |    70 ||   590
  Block: Buckler           |    33 |    26 |   209 |    23 ||   291
